 Dungeon Crawl Stone Soup version 0.26-a0-1021-gda264ca44c (webtiles) character file.

Game seed: 5601380206473758027

932 sokol815 the Slasher (level 8, 0/52 HPs)
             Began as a Gargoyle Fighter on Dec 9, 2020.
             Was an Initiate of Trog.
             Slain by an orc warrior
             ... wielding a +0 halberd
              (10 damage)
             ... on level 5 of the Dungeon.
             The game lasted 00:16:08 (4684 turns).

sokol815 the Slasher (Gargoyle Fighter)             Turns: 4684, Time: 00:16:09

Health: 0/52       AC: 14    Str: 21    XL:     8   Next: 11%
Magic:  8/8        EV:  5    Int:  8    God:    Trog [......]
Gold:   342        SH:  9    Dex: 11    Spells: 7/7 levels left

rFire    . . .     SeeInvis .   a - +0 long sword
rCold    . . .     Faith    .   c - +0 kite shield
rNeg     + . .     Spirit   .   u - +0 chain mail
rPois    ∞         Reflect  .   (no helmet)
rElec    +         Harm     .   (no cloak)
rCorr    .         Rampage  .   (no gloves)
Will     .....                  (no boots)
Stlth    ..........             (no amulet)
HPRegen  0.17/turn              (no ring)
MPRegen  0.11/turn              (no ring)

@: no status effects
A: negative energy resistance 1, electricity resistance, unbreathing,
petrification resistance, rot immunity, AC +5
a: Renounce Religion


You were on level 5 of the Dungeon.
You worshipped Trog.
Trog was noncommittal.
You visited 2 branches of the dungeon, and saw 7 of its levels.

You collected 342 gold pieces.

Inventory:

Hand Weapons
 a - a +0 long sword (weapon)
 e - a +0 hunting sling
 f - a +0 dagger
 n - a +0 short sword of flaming
 y - a +1 short sword of draining
Missiles
 g - 167 stones (quivered)
 h - 22 bolts
 r - 48 sling bullets
 x - 3 poisoned darts
Armour
 b - a +0 scale mail
 c - a +0 kite shield (worn)
 j - a +0 chain mail
 u - a +0 chain mail (worn)
Scrolls
 i - a scroll of enchant weapon {unknown}
 p - 2 scrolls of noise {unknown}
 q - 2 scrolls of remove curse
 s - a scroll of random uselessness {unknown}
Potions
 d - a potion of attraction {unknown}
 k - 2 potions of ambrosia
 l - a potion of magic {unknown}
 m - 2 potions of cancellation
 o - 2 potions of resistance
 t - 2 potions of flight
 v - a potion of berserk rage {unknown}


   Skills:
 + Level 6.5 Fighting
 * Level 7.0 Long Blades
 - Level 3.2 Armour
 - Level 3.2 Shields


You had 7 spell levels left.
You didn't know any spells.
Your spell library was empty.

Dungeon Overview and Level Annotations

Branches:
Dungeon (6/15)             Temple (1/1) D:5

Altars:
Ashenzari
Cheibriados
Dithmenos
Fedhas
Kikubaaqudgha
Makhleb
Nemelex Xobeh
Okawaru
Ru
Sif Muna
Trog
Uskayaw
Vehumet
Wu Jian

Annotations:
D:2 Sigmund
D:4 1 runed translucent door, Deppong's ghost, amateur KoHu; Pooter's ghost, amateur GnWn; streetpizza's ghost, amateur DsWn
D:5 exclusion: upstairs


Innate Abilities, Weirdness & Mutations

You are resistant to torment.
Your stone body is resilient. (AC +5)
You are immune to poison.
You resist negative energy. (rN+)
You are resistant to electric shocks. (rElec)
You can survive without breathing.
You are immune to petrification.
You are immune to rotting.


Message History

The orc warrior barely misses you.
You riposte.
You hit the orc warrior.
The orc warrior is lightly wounded.
You hit the orc warrior.
The orc warrior is moderately wounded.
The orc warrior hits you with a +0 halberd!
You hit the orc warrior but do no damage.
The orc warrior is moderately wounded.
You hit the orc warrior but do no damage.
The orc warrior is moderately wounded.
The orc warrior hits you with a +0 halberd!
* * * LOW HITPOINT WARNING * * *
Your shield and chain mail prevent you from hitting the orc warrior.
The orc warrior is moderately wounded.
You block the orc warrior's attack. You block the orc warrior's attack.
You climb upwards.
Level annotation: exclusion: upstairs
There is a stone staircase leading down here.
The orc warrior hits you from afar with a +0 halberd!
You die...

#.######
#..................# #.#
#........##........#
#.#####
#................###
#.....#
#.#..##............#
#####.#
#....####........#.# #.#
##.................# #.#
#....###....#.#.###
#.######............#.# #
#.......@.o.#########.###
########.>..?............
##############.### #.###
#.#.. #.... #####..
#...... #.##...


You could see an orc warrior.

Vanquished Creatures
  Duvessa (D:4)
  An ice beast (D:5)
  An ogre (D:4)
  2 bullfrogs (D:6)
  Dowan (D:4)
  2 howler monkeys (D:5)
  2 hounds
  A bullfrog zombie (D:5)
  A jelly (D:6)
  A bullfrog skeleton (D:5)
  Jessica (D:2)
  2 iguanas (D:5)
  4 worker ants
  An adder zombie (D:5)
  2 worms (D:3)
  A dart slug (D:1)
  2 leopard geckos
  5 orcs
  5 bats
  3 giant cockroaches
  7 goblins
  6 hobgoblins
  10 jackals
  A quokka (D:5)
  4 ball pythons
  3 frilled lizards
  7 kobolds
  A leopard gecko skeleton (D:5)
  A quokka skeleton (D:5)
  7 rats
86 creatures vanquished.

Notes
Turn   | Place    | Note
-------+----------+-------------------------------------------
     0 | D:1      | sokol815 the Gargoyle Fighter began the quest for the Orb.
     0 | D:1      | Reached XP level 1. HP: 14/14 MP: 1/1
    51 | D:1      | Reached skill level 2 in Long Blades
   119 | D:1      | Reached XP level 2. HP: 15/19 MP: 2/2
   667 | D:2      | Reached XP level 3. HP: 24/24 MP: 3/3
   745 | D:2      | Noticed Jessica
   754 | D:2      | Killed Jessica
   755 | D:2      | Reached skill level 3 in Long Blades
  1001 | D:2      | Reached XP level 4. HP: 29/29 MP: 4/4
  1021 | D:2      | Noticed Sigmund
  1833 | D:4      | Noticed an ogre
  2042 | D:4      | Noticed Dowan
  2043 | D:4      | Noticed Duvessa
  2045 | D:4      | Found a runed translucent gate.
  2045 | D:4      | Found a runed translucent gate.
  2068 | D:5      | Entered Level 5 of the Dungeon
  2086 | D:4      | Reached skill level 4 in Long Blades
  2086 | D:4      | Reached XP level 5. HP: 32/34 MP: 5/5
  2177 | D:5      | Found a staircase to the Ecumenical Temple.
  2192 | Temple   | Entered the Ecumenical Temple
  2259 | Temple   | Became a worshipper of Trog the Wrathful
  2399 | D:5      | Reached XP level 6. HP: 28/40 MP: 6/6
  2620 | D:5      | Reached skill level 5 in Fighting
  2761 | D:5      | Found a shadowy altar of Dithmenos.
  2785 | D:5      | Noticed an ice beast
  2791 | D:5      | Reached skill level 5 in Long Blades
  2808 | D:5      | Killed an ice beast
  2995 | D:5      | Reached XP level 7. HP: 44/44 MP: 7/7
  3401 | D:4      | Reached skill level 6 in Long Blades
  3577 | D:4      | Found a runed translucent gate.
  3581 | D:4      | Noticed streetpizza's ghost (amateur DsWn)
  3581 | D:4      | Noticed Pooter's ghost (amateur GnWn)
  3581 | D:4      | Noticed Deppong's ghost (amateur KoHu)
  3960 | D:4      | Killed Dowan
  4057 | D:4      | Killed Duvessa
  4408 | D:6      | Found a sparkling altar of Nemelex Xobeh.
  4520 | D:6      | Reached XP level 8. HP: 27/52 MP: 8/8
  4528 | D:5      | Reached skill level 7 in Long Blades
  4684 | D:5      | Slain by an orc warrior

Illustrated notes

Levels and vault maps discovered:
D:1:      dpeg_arrival_prison, layout_rooms
D:2:      layout_rooms, uniq_jessica, uniq_sigmund
D:3:      layout_basic
D:4:      layout_loops_ring, gammafunk_ghost_cemetery, chequers_avenue,
          uniq_duvessa
D:5:      layout_basic, minmay_temple_entry_tees, basic_altar
D:6:      layout_loops_ring, gammafunk_ghost_grave,
          nemelex_xobeh_ov_fountains_minmay
Temple:   eino_temple_lava

Skill      XL: |  1  2  3  4  5  6  7  8 |
---------------+-------------------------+-----
Long Blades    | 2 3 4 5 6 7 |  7.0
Fighting       | 4 5 6 |  6.5
Armour         | |  3.2
Shields        | |  3.2

Action                   |  1- 3 |  4- 6 |  7- 9 || total
-------------------------+-------+-------+-------++-------
Melee: Long sword        |    69 |   189 |   107 ||   365
Throw: Stone             |       |       |     9 ||     9
  Use: Scroll            |     3 |     8 |       ||    11
       Potion            |     1 |     1 |     4 ||     6
Armor: Scale mail        |    29 |    22 |       ||    51
       Chain mail        |       |    93 |    52 ||   145
Dodge: Dodged            |    21 |    44 |    17 ||    82
Block: Kite shield       |    33 |   112 |    50 ||   195
       Rpst.: Long sword |    10 |    17 |     8 ||    35

Table legend: (Time is in decaauts)
 A = Elapsed time spent in this place.
 B = Non-inter-level travel time spent in this place.
 C = Inter-level travel time spent in this place.
 D = Time resting spent in this place.
 E = Time spent auto-exploring this place.
 F = Levels seen in this place.
 G = Mean time per level.
                   A        B        C        D        E       F      G
               +--------+--------+--------+--------+--------+-----+--------+
         Total |   4768 |   4376 |    392 |    658 |   2746 |   7 |  681.1 |
       Dungeon |   4691 |   4320 |    371 |    658 |   2692 |   6 |  781.8 |
        Temple |     76 |     55 |     21 |      0 |     54 |   1 |   76.0 |
               +--------+--------+--------+--------+--------+-----+--------+

Top non-repeatable levels by time:
     D:5: 1340 daAuts
     D:4: 1169 daAuts
     D:3: 756 daAuts
     D:1: 662 daAuts
     D:2: 600 daAuts
     D:6: 162 daAuts
  Temple: 76 daAuts
